 Dungeon Crawl Stone Soup version 0.20-a0-1117-g62da73f (console) character file.

172 nht the Cleaver (level 5, -1/45 HPs)
             Began as a Hill Orc Chaos Knight on May 9, 2017.
             Slain by a worker ant (5 damage)
             ... on level 4 of the Dungeon.
             The game lasted 00:03:39 (2374 turns).

nht the Cleaver (Hill Orc Chaos Knight)             Turns: 2374, Time: 00:03:40

Health: -1/45      AC:  5    Str: 16    XL:     5   Next: 53%
Magic:  5/5        EV: 11    Int: 12    God:    Xom [...*..]
Gold:   137        SH:  0    Dex: 12    Spells: 4/4 levels left

rFire    . . .     SeeInvis .   a - +0 hand axe (chaos)
rCold    + . .     Gourm    .   (no shield)
rNeg     . . .     Faith    .   b - +2 leather armour
rPois    .         Spirit   .   (no helmet)
rElec    .         Reflect  .   (no cloak)
rCorr    .         Harm     .   (no gloves)
MR       .....                  (no boots)
Stlth    +++.......             (no amulet)
Regen    0.2/turn               (no ring)
MPRegen  0.1/turn               (no ring)

@: especially stealthy
A: talons 1, agile 1, cold resistance 1
a: Renounce Religion


You were on level 4 of the Dungeon.
You worshipped Xom.
You were a favourite toy of Xom.
You were not hungry.

You visited 1 branch of the dungeon, and saw 4 of its levels.

You collected 137 gold pieces.

Inventory:

Hand Weapons
 a - a +0 hand axe of chaos (weapon)
Missiles
 n - 19 poisoned needles
Armour
 b - a +2 leather armour (worn)
 o - a +0 plate armour
Scrolls
 d - 6 scrolls of identify
 e - 2 scrolls of remove curse
 f - 2 scrolls of magic mapping {unknown}
 i - a scroll of recharging {unknown}
 j - a scroll of fear {unknown}
 k - 2 scrolls of amnesia {unknown}
 l - a scroll of teleportation {unknown}
Comestibles
 c - 3 bread rations
 h - 2 meat rations


   Skills:
 - Level 3.6 Fighting
 + Level 8.0 Axes
 - Level 2.1 Armour
 - Level 0.7 Dodging


You had 4 spell levels left.
You didn't know any spells.

Dungeon Overview and Level Annotations

Branches:
Dungeon (4/15)             Temple (0/1) D:4

Altars:
Elyvilon
Xom


Innate Abilities, Weirdness & Mutations

You have sharp toenails.
You are agile. (Dex +2)
Your flesh is cold resistant. (rC+)


Message History

e - 2 scrolls of remove curse You feel sick.
Something bites you but does no damage.
You closely miss something. You claw something. Something bites you.
* * * LOW HITPOINT WARNING * * *
Something bites you but does no damage.
You miss something. Something bites you.
* * * LOW HITPOINT WARNING * * *
Something bites you but does no damage.
You miss something.
You feel sick. Something bites you.
* * * LOW HITPOINT WARNING * * *
You feel better. Something bites you.
* * * LOW HITPOINT WARNING * * *
Something bites you but does no damage.
You feel better. Something bites you.
* * * LOW HITPOINT WARNING * * *
Something bites you.
* * * LOW HITPOINT WARNING * * *
You barely miss something. Something bites you.
You die... "Boring in life, boring in death..." ██████

██ █...>. .█
█.......█
█.█...█.█
█.....$.█
█.......█
█.█..{█$█
█..(..@.█
█.....$.█
█.█..(█.█
█.......█
█.......█
█.█...█.█
█.......█
█.......█
██████..█.█..█


There were no monsters in sight!

Vanquished Creatures
  An orc wizard (D:3)
  4 adders
  A shadow imp (D:3)
  An ooze (D:2)
  4 worms (D:3)
  2 dart slugs (D:1)
  2 leopard geckos
  4 orcs (D:3)
  A ball python (D:1)
  A giant cockroach (D:2)
  7 goblins
  9 hobgoblins
  10 jackals
  7 kobolds
  A quokka (D:3)
  8 bats
  4 frilled lizards
  6 rats
73 creatures vanquished.

Vanquished Creatures (others)
  The ghost of YrmMerkstave the Poker, an amateur MfSk (D:3)
  A frilled lizard (D:3)
  A kobold (D:2)
3 creatures vanquished.

Grand Total: 76 creatures vanquished

Notes
Turn   | Place    | Note
-------+----------+-------------------------------------------
     0 | D:1      | nht the Hill Orc Chaos Knight began the quest for the Orb.
     0 | D:1      | Reached XP level 1. HP: 19/19 MP: 1/1
    83 | D:1      | XOM: potion effect (agility)
    87 | D:1      | XOM: harmless Conj miscast
   134 | D:1      | Reached XP level 2. HP: 23/26 MP: 2/2
   320 | D:1      | Reached skill level 5 in Axes
   501 | D:1      | Reached XP level 3. HP: 31/31 MP: 3/3
   641 | D:1      | XOM: scenery: create altars
   815 | D:2      | Found a white marble altar of Elyvilon.
   824 | D:2      | Reached skill level 6 in Axes
   916 | D:2      | Reached XP level 4. HP: 25/39 MP: 4/4
   923 | D:2      | XOM: give mutations
   923 | D:2      | Gained mutation: Your flesh is cold resistant. (rC+) [Xom's grace]
   923 | D:2      | Gained mutation: You have sharp toenails. [Xom's grace]
  1358 | D:2      | XOM: divination: magic mapping
  1407 | D:2      | XOM: cloud trail
  1531 | D:3      | Noticed YrmMerkstave's ghost (amateur MfSk)
  1538 | D:3      | Reached skill level 7 in Axes
  1539 | D:3      | Killed YrmMerkstave's ghost
  1539 | D:3      | XOM: divine lightning
  1595 | D:3      | XOM: summons friendly shadow imp
  1948 | D:3      | Reached XP level 5. HP: 44/45 MP: 5/5
  1959 | D:3      | XOM: destruction
  2116 | D:3      | XOM: divine lightning
  2128 | D:3      | Reached skill level 8 in Axes
  2171 | D:3      | XOM: give mutation
  2171 | D:3      | Gained mutation: You are agile. (Dex +2) [Xom's grace]
  2334 | D:4      | XOM: stealth player
  2354 | D:4      | Found a staircase to the Ecumenical Temple.
  2362 | D:4      | XOM: silly message
  2371 | D:4      | HP: 1/45 [something (6)]
  2374 | D:4      | Slain by a worker ant

Vault maps used:
D:1:      minmay_arrival_widening_spiral_wide, serial_bayou_pond_b
D:2:      elyvilon_altar_4
D:4:      temple_hall, first_bread, xom_teletrap_fun, uniq_robin

Skill      XL: |  1  2  3  4  5 |
---------------+----------------+-----
Axes           | 5 6 7 8 |  8.0
Fighting       | |  3.6
Armour         | |  2.1
Dodging        | |  0.7

Action                   |  1- 3 |  4- 6 || total
-------------------------+-------+-------++-------
Melee: Hand axe          |    99 |   133 ||   232
       Kick              |       |    22 ||    22
  Use: Potion            |       |     6 ||     6
       Scroll            |       |     1 ||     1
  Eat: Chunk             |       |     5 ||     5
Armor: Leather armour    |    41 |    48 ||    89
Dodge: Dodged            |    60 |    73 ||   133
